 Dungeon Crawl Stone Soup version 0.18.1-47-g9310371 (webtiles) character file.

199 KrisztiCat the Digger (level 5, -3/28 HPs)
             Began as a Gargoyle Earth Elementalist on June 20, 2016.
             Was an Initiate of Vehumet.
             Shot with an arrow by a centaur (12 damage)
             ... on level 4 of the Dungeon.
             The game lasted 00:17:48 (2875 turns).

KrisztiCat the Digger (Gargoyle Earth Elementalist) Turns: 2875, Time: 00:17:49

Health: -3/28      AC:  6    Str: 11    XL:     5   Next: 77%
Magic:  5/11       EV: 12    Int: 17    God:    Vehumet [......]
Gold:   134        SH:  0    Dex: 10    Spells: 1 memorised, 12 levels left

rFire  x . .     SeeInvis .     b - 122 stones
rCold  + . .     Gourm    .     a - +0 robe
rNeg   + . .     Faith    .     (no shield)
rPois  ∞         Spirit   .     (no helmet)
rElec  +         Dismiss  .     (no cloak)
rCorr  .         Reflect  .     (no gloves)
SustAt .         Harm     .     (no boots)
MR     .....                    (no amulet)
Stlth  ++........               t - ring of wizardry
                                g - ring of ice

@: not resistant to hostile enchantments, unstealthy
A: negative energy resistance 1, electricity resistance, unbreathing,
petrification resistance, rot immunity, AC +4
a: Renounce Religion


You were on level 4 of the Dungeon.
You worshipped Vehumet.
Vehumet was noncommittal.
You were not hungry.

You visited 1 branch of the dungeon, and saw 4 of its levels.

You collected 134 gold pieces.

Inventory:

Hand Weapons
 k - a +0 dagger
 o - a +0 whip
Missiles
 b - 122 stones (in hand)
Armour
 a - a +0 robe (worn)
Jewellery
 g - a ring of ice (left hand)
 t - a ring of wizardry (right hand)
Scrolls
 e - a scroll of teleportation {unknown}
 h - 5 scrolls of identify {unknown}
 j - a scroll of enchant armour {unknown}
 p - 2 scrolls of immolation {unknown}
 r - 2 scrolls of magic mapping {unknown}
 s - a scroll of random uselessness {unknown}
 u - a scroll of amnesia {unknown}
 x - a scroll of fog {unknown}
Potions
 f - 3 potions of heal wounds {unknown}
 l - a potion of brilliance {unknown}
 m - a potion of mutation {unknown}
 n - a potion of flight {unknown}
 v - a potion of ambrosia {unknown}
Books
 c - a book of Geomancy

   Spells                             Type                      Level
   a - Sandblast                      Earth                        1
   b - Passwall                       Transmutation/Earth          2
   c - Stone Arrow                    Conjuration/Earth            3
   d - Petrify                        Transmutation/Earth          4
   e - Lee's Rapid Deconstruction     Earth                        5
Comestibles
 d - 3 bread rations
 i - 8 meat rations
 q - 12 fruits


   Skills:
 - Level 1.5 Dodging
 - Level 2.1 Stealth
 * Level 4.5 Spellcasting
   Level 0.7 Transmutations
 + Level 5.1 Earth Magic


You had 12 spell levels left.
You knew the following spells:

 Your Spells              Type           Power        Failure   Level  Hunger
a - Sandblast             Erth           ###...       1%          1    None


Dungeon Overview and Level Annotations

Branches:
Dungeon (4/15)
 Temple: D:4-7

Altars:
Dithmenos
Gozag
Trog
Vehumet
The Shining One


Innate Abilities, Weirdness & Mutations

You are resistant to torment.
Your stone body is resilient (AC +4).
You are immune to poison.
You resist negative energy.
You are resistant to electric shocks.
You can survive without breathing.
You are immune to petrification.
You are immune to rotting.


Message History

The centaur is moderately wounded.
The centaur shouts!
The centaur wields a shortbow.
The centaur shoots an arrow.
The arrow hits you!
Ouch! That really hurt!
Casting: Sandblast
Confirm with . or Enter, or press ? or * to list all spells.
Aiming: Sandblast
Press: ? - help, Shift-Dir - straight line, f/p - centaur
Aim: a centaur, wielding a shortbow (moderately wounded)
The rocky blast misses the centaur.
The centaur shoots an arrow.
The arrow hits you.
Casting: Sandblast
Confirm with . or Enter, or press ? or * to list all spells.
Aiming: Sandblast
Press: ? - help, Shift-Dir - straight line, f/p - centaur
Aim: a centaur, wielding a shortbow (moderately wounded)
The rocky blast hits the centaur.
The centaur is moderately wounded.
The centaur shoots an arrow.
The arrow hits you!
You die...

####### ### #.....#
#.#######.###.#
#.........# #.#
#.###########.# ..
#.#.........#.####....
#.#.#######.#.........
#.......(.# #.@###....
###.#####.# #...c...##
#.# #.# #...###.#
#.#####.# #...#
#.#...#.# #...#
#.#.#.#.# #....
#.#.#.#.# ...##
#.#.#.#.####.##
#.#.#.#........


You could see a centaur.

Vanquished Creatures
  A worker ant (D:4)
  9 adders
  An ooze (D:3)
  3 dart slugs
  A worm (D:3)
  2 giant geckos (D:1)
  5 orcs (D:3)
  4 ball pythons
  4 giant cockroaches
  12 goblins
  6 hobgoblins
  7 kobolds
  A quokka (D:4)
  8 bats
  A giant gecko skeleton (D:3)
  5 giant newts
  12 rats
82 creatures vanquished.

Vanquished Creatures (others)
  A kobold (D:1)
1 creature vanquished.

Grand Total: 83 creatures vanquished

Notes
Turn   | Place    | Note
--------------------------------------------------------------
     0 | D:1      | KrisztiCat the Gargoyle Earth Elementalist began the quest for the Orb.
     0 | D:1      | Reached XP level 1. HP: 10/10 MP: 3/3
   327 | D:1      | Reached XP level 2. HP: 15/15 MP: 1/5
   481 | D:1      | Reached skill level 4 in Earth Magic
   962 | D:1      | Reached XP level 3. HP: 17/19 MP: 4/7
  1507 | D:2      | Reached XP level 4. HP: 17/24 MP: 1/9
  2343 | D:3      | Reached XP level 5. HP: 26/28 MP: 0/10
  2450 | D:3      | Reached skill level 5 in Earth Magic
  2554 | D:3      | Found a glowing golden altar of the Shining One.
  2618 | D:3      | Found a bloodstained altar of Trog.
  2620 | D:3      | Found a radiant altar of Vehumet.
  2621 | D:3      | Found an opulent altar of Gozag.
  2621 | D:3      | Found a shadowy altar of Dithmenos.
  2653 | D:3      | Became a worshipper of Vehumet
  2872 | D:4      | Noticed a centaur
  2875 | D:4      | Shot with an arrow by a centaur

Skill      XL: |  1  2  3  4  5 |
---------------+----------------+-----
Earth Magic    | 4 5 |  5.1
Spellcasting   | 3 4 |  4.5
Dodging        | |  1.5
Stealth        | |  2.1
Transmutations | |  0.7

Action                   |  1- 3 |  4- 6 || total
-------------------------+-------+-------++-------
Melee: Dagger            |    40 |    19 ||    59
       Whip              |       |    10 ||    10
 Cast: Sandblast         |    76 |    78 ||   154
 Stab: Sleeping          |       |     2 ||     2
  Eat: Chunk             |     2 |     5 ||     7
Armor: Robe              |    29 |    17 ||    46
Dodge: Dodged            |    50 |    44 ||    94
